[Event "2024 Norbert Muller Cup (Division A)"]
[Site "Woodvale, Perth WA AUS"]
[Date "2024.10.30"]
[Round "4"]
[White "Balavignan, Ashvin"]
[Black "Saxon, Marc"]
[Result "0-1"]
[ECO "D96"]
[WhiteElo "2143"]
[BlackElo "2030"]
[PlyCount "126"]
[EventDate "2024.10.09"]
[EventType "tourn"]
[EventRounds "7"]
[EventCountry "AUS"]
[TimeControl "3600+30"]

1. d4 Nf6 2. c4 g6 3. Nc3 d5 4. Nf3 Bg7 5. Qb3 dxc4 6. Qxc4 Be6 7. Qa4+ Bd7 8.
Qa3 O-O 9. e3 c6 10. Bd3 a5 11. O-O Na6 12. Qb3 Nb4 13. Be2 b5 14. a3 Be6 15.
Qd1 Nbd5 16. Ne5 Qc7 17. f3 Rfd8 18. Qe1 Nxc3 19. Qxc3 Nd5 20. Qc5 Bxe5 21.
dxe5 Rac8 22. e4 Nb6 23. Bg5 Rd7 24. f4 Bc4 25. Bxc4 Nxc4 26. Rf2 Rcd8 27. b3
Nd2 28. Qc2 Qb6 29. h3 Qe3 30. e6 fxe6 31. Qxc6 Rd6 32. Qc1 Qd4 33. Qd1 Nf3+
34. Qxf3 Qxa1+ 35. Kh2 Rd1 36. Qg4 R8d3 37. Qxe6+ Kh8 38. Qe5+ Qxe5 39. fxe5
Re1 40. Bxe7 Rxe4 41. b4 Rxa3 42. bxa5 Rxa5 43. Bf6+ Kg8 44. Rc2 Ra7 45. Rc8+
Kf7 46. Rb8 b4 47. Rb6 Ra2 48. h4 Rg4 49. Kh1 Raxg2 50. Rxb4 Rg1+ 51. Kh2 Rxb4
52. Kxg1 Rf4 53. Bg5 Rf5 54. Bd8 Rxe5 55. Kg2 Re3 56. Bg5 Rb3 57. Kh2 Ke6 58.
Bh6 Kf5 59. h5 g5 60. Bg7 Kg4 61. h6 Rd3 62. Kg2 Rd2+ 63. Kg1 Kf3 0-1

[Event "2024 Norbert Muller Cup (Division A)"]
[Site "Woodvale, Perth WA AUS"]
[Date "2024.11.14"]
[Round "4"]
[White "Plaganyi, Gyula"]
[Black "Rahmani, Noor"]
[Result "1/2-1/2"]
[ECO "B23"]
[WhiteElo "2060"]
[WhiteTitle "CM"]
[BlackElo "2244"]
[PlyCount "111"]
[EventDate "2024.10.09"]
[EventType "tourn"]
[EventRounds "7"]
[EventCountry "AUS"]
[TimeControl "3600+30"]

{Played at Warwick Chess Club} 1. e4 c5 2. Nc3 g6 3. f4 e6 4. Nf3 Bg7 5. f5 a6
6. a4 Nc6 7. fxe6 dxe6 8. Be2 Nd4 9. O-O Ne7 10. d3 O-O 11. Bg5 b6 12. Qd2 Bb7
13. Kh1 f6 14. Be3 e5 15. Bd1 Qc7 16. Ne2 Rad8 17. c3 Nxf3 18. gxf3 f5 19. Bb3+
Kh8 20. Qc2 fxe4 21. fxe4 Qd7 22. Rxf8+ Rxf8 23. Ng3 Qg4 24. Qd1 Qh3 25. Qe2
Nf5 26. Nxf5 Rxf5 27. Be6 Qf3+ 28. Qxf3 Rxf3 29. Re1 h5 30. Kg2 Rf6 31. Bb3 Rd6
32. Bc2 Kh7 33. Rf1 Rd7 34. a5 bxa5 35. Ra1 c4 36. dxc4 Bh6 37. Kf3 g5 38. Rxa5
g4+ 39. Ke2 Bg7 40. c5 Rf7 41. Ra1 Rf3 42. Rf1 Rh3 43. Rf2 Bc6 44. c4 Kg6 45.
b4 Bf6 46. Bd3 Be7 47. Rg2 Ba4 48. b5 axb5 49. cxb5 Rf3 50. Kd2 Rxe3 51. Kxe3
Bxc5+ 52. Kd2 Kg5 53. h3 Kf4 54. hxg4 hxg4 55. Rh2 g3 56. Rg2 1/2-1/2

[Event "2024 Norbert Muller Cup (Division B)"]
[Site "Woodvale, Perth WA AUS"]
[Date "2024.10.30"]
[Round "4"]
[White "Stortz, Robert"]
[Black "Roebuck, Derek"]
[Result "1/2-1/2"]
[ECO "D12"]
[WhiteElo "1838"]
[BlackElo "1774"]
[PlyCount "87"]
[EventDate "2024.10.09"]
[EventType "tourn"]
[EventRounds "7"]
[EventCountry "AUS"]
[TimeControl "3600+30"]

1. d4 d5 2. c4 c6 3. Nf3 Nf6 4. e3 Bf5 5. Nc3 e6 6. Qb3 Qb6 7. Be2 Qxb3 8. axb3
Bb4 9. O-O Bc2 10. Bd1 Bd3 11. Be2 Bc2 12. Na2 Be7 13. b4 dxc4 14. Bxc4 Nbd7
15. Bd2 Nb6 16. Be2 O-O 17. Rfc1 Bb3 18. b5 cxb5 19. Bxb5 a6 20. Bd3 Rfc8 21.
Nc3 Nbd5 22. Nxd5 Bxd5 23. Ne5 Bd6 24. Nc4 Bxc4 25. Bxc4 Nd5 26. Be2 Kf8 27.
Bf3 Rab8 28. Rxc8+ Rxc8 29. e4 Bb4 30. exd5 Bxd2 31. dxe6 fxe6 32. Bxb7 Rc1+
33. Rxc1 Bxc1 34. b4 Ba3 35. Bxa6 Bxb4 36. Bc4 Ke7 37. d5 exd5 38. Bxd5 g5 39.
g4 Bd2 40. Kg2 Kf6 41. Kf3 h6 42. Ke4 Bc1 43. Kf3 Ke5 44. Bb3 1/2-1/2

[Event "2024 Norbert Muller Cup (Division B)"]
[Site "Woodvale, Perth WA AUS"]
[Date "2024.10.30"]
[Round "4"]
[White "Doshi, Chirag"]
[Black "Kerr, Lennon"]
[Result "1-0"]
[ECO "C01"]
[WhiteElo "1845"]
[BlackElo "1691"]
[PlyCount "73"]
[EventDate "2024.10.09"]
[EventType "tourn"]
[EventRounds "7"]
[EventCountry "AUS"]
[TimeControl "3600+30"]

1. e4 e6 2. d4 d5 3. Nc3 Bb4 4. exd5 exd5 5. a3 Bxc3+ 6. bxc3 h6 7. c4 Nf6 8.
cxd5 O-O 9. c4 Re8+ 10. Be2 Bg4 11. h3 Bh5 12. Be3 Bxe2 13. Nxe2 c6 14. dxc6
Nxc6 15. O-O Ne4 16. Qc2 Rc8 17. d5 Na5 18. Rfd1 Nxc4 19. Qa2 Nxe3 20. fxe3 Qf6
21. Rf1 Qb6 22. Nd4 Nc3 23. Qf2 Rc7 24. Qg3 Nxd5 25. Nf5 Qg6 26. Qf3 Nf6 27.
Rad1 Ne4 28. Rd4 Nf6 29. Rd6 Re6 30. Rd8+ Kh7 31. Qf4 Rc2 32. g4 Re4 33. Qb8
Qg5 34. Rh8+ Kg6 35. Qf8 Nh5 36. Nh4+ Qxh4 37. Qxf7+ 1-0

[Event "2024 Norbert Muller Cup (Division B)"]
[Site "Woodvale, Perth WA AUS"]
[Date "2024.10.30"]
[Round "4"]
[White "Gough, Dylan"]
[Black "Knight, Charles"]
[Result "1-0"]
[ECO "E60"]
[WhiteElo "1829"]
[BlackElo "1673"]
[PlyCount "79"]
[EventDate "2024.10.09"]
[EventType "tourn"]
[EventRounds "7"]
[EventCountry "AUS"]
[TimeControl "3600+30"]

1. d4 Nf6 2. c4 g6 3. Nc3 Bg7 4. Nf3 O-O 5. e3 d6 6. b3 c5 7. Bb2 Qa5 8. Bd3
Nc6 9. O-O Bg4 10. Be2 Nd7 11. Ne4 Qc7 12. Qd2 Rad8 13. h3 Bxf3 14. Bxf3 cxd4
15. exd4 e5 16. d5 Nd4 17. Bxd4 exd4 18. Rad1 Ne5 19. Be2 Rde8 20. Bd3 Qe7 21.
Rde1 f5 22. Ng3 Qh4 23. Qc2 f4 24. Re4 Qh6 25. Ne2 f3 26. Ng3 fxg2 27. Kxg2 Rf3
28. Rxd4 Ref8 29. Be4 R3f4 30. Rd2 Rh4 31. Rh1 Qf4 32. c5 dxc5 33. d6 Rd8 34.
Rhd1 Nd7 35. Bxb7 Bd4 36. Qc4+ Qf7 37. Bd5 Ne5 38. Bxf7+ Nxf7 39. Rxd4 cxd4 40.
Rxd4 1-0

[Event "2024 Norbert Muller Cup (Division C)"]
[Site "Woodvale, Perth WA AUS"]
[Date "2024.10.30"]
[Round "4"]
[White "Hagendoorn, Mark"]
[Black "Verma, Abhinav"]
[Result "0-1"]
[ECO "B34"]
[WhiteElo "1565"]
[BlackElo "1599"]
[PlyCount "76"]
[EventDate "2024.10.09"]
[EventType "tourn"]
[EventRounds "7"]
[EventCountry "AUS"]
[TimeControl "3600+30"]

1. e4 c5 2. Nf3 Nc6 3. d4 cxd4 4. Nxd4 g6 5. Nxc6 bxc6 6. Qd4 Nf6 7. e5 Nd5 8.
e6 f6 9. exd7+ Bxd7 10. Bc4 Be6 11. O-O Bg7 12. Re1 Bf7 13. Nc3 O-O 14. Nxd5
cxd5 15. Bb3 f5 16. Qe3 e5 17. c3 a5 18. f4 e4 19. Bd2 a4 20. Bc2 d4 21. Qg3 d3
22. Bd1 Qb6+ 23. Qe3 Qxb2 24. Rc1 Qxa2 25. g4 Qe6 26. gxf5 gxf5 27. Qh3 a3 28.
Bh5 Bxh5 29. Qxh5 Qg6+ 30. Qxg6 hxg6 31. Kf2 Rfb8 32. Rb1 Rxb1 33. Rxb1 a2 34.
Ra1 Kf7 35. Ke1 Ke6 36. Kd1 Ra3 37. Kc1 Bxc3 38. Bxc3 Rxc3+ 0-1

[Event "2024 Norbert Muller Cup (Division C)"]
[Site "Woodvale, Perth WA AUS"]
[Date "2024.10.30"]
[Round "4"]
[White "Leech, Martin"]
[Black "Garang, Kuol Awan"]
[Result "1-0"]
[ECO "C50"]
[WhiteElo "1619"]
[BlackElo "1667"]
[PlyCount "125"]
[EventDate "2024.10.09"]
[EventType "tourn"]
[EventRounds "7"]
[EventCountry "AUS"]
[TimeControl "3600+30"]

1. e4 e5 2. Nf3 Nc6 3. d4 exd4 4. Bc4 h6 5. O-O Nf6 6. e5 Ng4 7. c3 d5 8. Bb5
Bc5 9. cxd4 Bb6 10. h3 O-O 11. hxg4 Bxg4 12. Bxc6 bxc6 13. Be3 f6 14. exf6 Rxf6
15. Nbd2 Qd6 16. Qc2 Raf8 17. Rac1 Bh5 18. Ne5 Be8 19. Ndf3 Qe6 20. a3 a5 21.
Rfe1 g5 22. Re2 Bh5 23. Qxc6 Qxc6 24. Nxc6 Bxf3 25. gxf3 Rxf3 26. Ne7+ Kh7 27.
Nxd5 R3f5 28. Nxb6 cxb6 29. Rc7+ Kg6 30. Rc6+ R8f6 31. Rxf6+ Kxf6 32. Kg2 Rd5
33. f3 Kf5 34. Bf2 h5 35. Re5+ Rxe5 36. dxe5 Kxe5 37. Bxb6 a4 38. Be3 Kf5 39.
Kg3 g4 40. fxg4+ hxg4 41. Bd2 Ke4 42. Kxg4 Kd3 43. Bc3 Ke4 44. Kg5 Kd5 45. Kf5
Kc6 46. Ke4 Kc5 47. Kd3 Kd5 48. Bg7 Kc5 49. Kc3 Kb5 50. Bf8 Ka5 51. Kc4 Kb6 52.
Kb4 Ka6 53. Kxa4 Kb6 54. Kb4 Ka6 55. Bc5 Kb7 56. Kb5 Kb8 57. Kb6 Ka8 58. b4 Kb8
59. b5 Ka8 60. Ka6 Kb8 61. b6 Ka8 62. b7+ Kb8 63. Bd6# 1-0

[Event "2024 Norbert Muller Cup (Division D)"]
[Site "Woodvale, Perth WA AUS"]
[Date "2024.10.30"]
[Round "4"]
[White "Walker, Colin"]
[Black "Pass, Tony"]
[Result "1/2-1/2"]
[ECO "E61"]
[WhiteElo "1425"]
[BlackElo "1360"]
[PlyCount "161"]
[EventDate "2024.10.09"]
[EventType "swiss"]
[EventRounds "7"]
[EventCountry "AUS"]
[TimeControl "3600+30"]

1. d4 Nf6 2. c4 g6 3. Nc3 Bg7 4. Nf3 d6 5. e3 O-O 6. Be2 Re8 7. Nd2 Nbd7 8. O-O
c5 9. Nf3 a6 10. a3 cxd4 11. exd4 Qc7 12. b3 e5 13. dxe5 dxe5 14. Be3 Ng4 15.
Ne4 f5 16. Nd6 Re6 17. c5 Nxe3 18. fxe3 Nf8 19. Nxc8 Rxc8 20. Bc4 Kh8 21. Bxe6
Nxe6 22. b4 Rd8 23. Qe2 e4 24. Nd4 Nxd4 25. exd4 Bxd4+ 26. Kh1 Bxa1 27. Rxa1
Rd3 28. Qb2+ Qg7 29. Qc1 Qd4 30. h3 Kg7 31. Kh2 Kf6 32. c6 Qd6+ 33. Kg1 Qxc6
34. Qxc6+ bxc6 35. Rc1 Rd6 36. Rc5 e3 37. g3 e2 38. Kf2 Re6 39. Ke1 g5 40. g4
f4 41. Rf5+ Kg6 42. h4 gxh4 43. Rxf4 Kg5 44. Rf2 Kxg4 45. a4 h3 46. Rf8 h5 47.
Rg8+ Kf3 48. Rf8+ Kg4 49. Rg8+ Kf5 50. Rg3 Re5 51. Rxh3 Kg4 52. Rh1 Re4 53.
Rg1+ Kf3 54. Rg6 Rd4 55. Rf6+ Ke3 56. Re6+ Re4 57. Rxc6 Rxb4 58. Re6+ Re4 59.
Rxa6 h4 60. Rg6 Kf3 61. a5 Ra4 62. Rf6+ Kg4 63. Kxe2 Rxa5 64. Rg6+ Kh5 65. Rg8
Rf5 66. Rh8+ Kg4 67. Rg8+ Kh3 68. Ke3 Kh2 69. Ke2 Rf7 70. Rg4 h3 71. Ke3 Rf1
72. Ke2 Rg1 73. Rf4 Kg3 74. Rf3+ Kg4 75. Rf2 Kg3 76. Rf3+ Kg2 77. Rf2+ Kh1 78.
Kf3 h2 79. Ke2 Ra1 80. Rf1+ Rxf1 81. Kxf1 1/2-1/2

[Event "2024 Norbert Muller Cup (Division D)"]
[Site "Woodvale, Perth WA AUS"]
[Date "2024.10.30"]
[Round "4"]
[White "Boswarva, Ernest"]
[Black "Gough, Sebastian"]
[Result "1/2-1/2"]
[ECO "E61"]
[WhiteElo "1456"]
[BlackElo "1241"]
[PlyCount "27"]
[EventDate "2024.10.09"]
[EventType "swiss"]
[EventRounds "7"]
[EventCountry "AUS"]
[TimeControl "3600+30"]

1. d4 Nf6 2. e3 d6 3. Nf3 g6 4. b3 Bg7 5. Bb2 e6 6. Be2 b6 7. O-O Bb7 8. c4
Nbd7 9. Nc3 O-O 10. Qc2 Qe7 11. Rfd1 Rfe8 12. e4 Rac8 13. Rd2 h6 14. h3 1/2-1/2

[Event "2024 Norbert Muller Cup (Division D)"]
[Site "Woodvale, Perth WA AUS"]
[Date "2024.10.30"]
[Round "4"]
[White "Hounsome, David"]
[Black "Lanham, Bruce"]
[Result "1-0"]
[ECO "D04"]
[WhiteElo "1375"]
[BlackElo "1265"]
[PlyCount "75"]
[EventDate "2024.10.09"]
[EventType "swiss"]
[EventRounds "7"]
[EventCountry "AUS"]
[TimeControl "3600+30"]

1. b3 d5 2. Bb2 Nf6 3. e3 Bf5 4. d4 e6 5. Nf3 h6 6. a3 Nbd7 7. c4 c6 8. Bd3
Bxd3 9. Qxd3 Bd6 10. O-O O-O 11. Nbd2 Re8 12. Ne5 Qc7 13. f4 c5 14. Rf3 cxd4
15. exd4 dxc4 16. bxc4 Nb6 17. Rc1 Bxe5 18. fxe5 Nfd7 19. Ne4 Rad8 20. Nd6 Re7
21. Rcf1 Rf8 22. Bc1 Nc8 23. Bf4 f6 24. Nxc8 Qxc8 25. h4 f5 26. Rg3 h5 27. Rg5
Qe8 28. d5 g6 29. d6 Ref7 30. Qf3 Kh7 31. Qxb7 Qb8 32. Qxb8 Rxb8 33. Rc1 Rc8
34. Rg3 Rc6 35. a4 Rf8 36. a5 Rb8 37. Be3 Ra6 38. Bd2 1-0

[Event "2024 Norbert Muller Cup (Division D)"]
[Site "Woodvale, Perth WA AUS"]
[Date "2024.10.30"]
[Round "4"]
[White "Porteus, Grant"]
[Black "Powell, Darren"]
[Result "1-0"]
[ECO "D00"]
[WhiteElo "1340"]
[BlackElo "1246"]
[PlyCount "97"]
[EventDate "2024.10.09"]
[EventType "swiss"]
[EventRounds "7"]
[EventCountry "AUS"]
[TimeControl "3600+30"]

1. d4 d5 2. Bf4 Nf6 3. g3 e6 4. c3 Nbd7 5. Nf3 h6 6. h4 b6 7. Ne5 Ne4 8. Qa4
Bb7 9. Nc6 Bxc6 10. Qxc6 Rc8 11. Bg2 Nd6 12. a4 Be7 13. a5 a6 14. e4 O-O 15.
Bxd6 cxd6 16. Qa4 b5 17. Qb3 dxe4 18. d5 Nc5 19. Qc2 Nd3+ 20. Kf1 exd5 21. Nd2
Bf6 22. Bh3 Rc7 23. f3 Re8 24. fxe4 Nb4 25. Qb3 Nd3 26. exd5 Rce7 27. Nf3 Re2
28. Rh2 Qe7 29. Qd1 Qe3 30. Qxe2 Qxe2+ 31. Rxe2 Rxe2 32. Kxe2 Nxb2 33. Rc1 Nc4
34. Kd3 Nxa5 35. Ra1 Nc4 36. Rxa6 Be7 37. Ra8+ Kh7 38. Ra7 Bf6 39. Rxf7 Ne5+
40. Nxe5 Bxe5 41. g4 Kg6 42. Rb7 Bg3 43. h5+ Kf6 44. Rxb5 Be5 45. c4 Ke7 46.
Bf1 Kd7 47. Ke4 Bh2 48. Rb7+ Ke8 49. Rxg7 1-0

[Event "2024 Norbert Muller Cup (Division D)"]
[Site "Woodvale, Perth WA AUS"]
[Date "2024.10.30"]
[Round "4"]
[White "Brooke, John"]
[Black "Nauom, Rafik"]
[Result "0-1"]
[ECO "B12"]
[WhiteElo "1417"]
[BlackElo "1493"]
[PlyCount "80"]
[EventDate "2024.10.09"]
[EventType "swiss"]
[EventRounds "7"]
[EventCountry "AUS"]
[TimeControl "3600+30"]

1. e4 c6 2. d4 d5 3. e5 c5 4. Nf3 Bg4 5. h3 Bxf3 6. Qxf3 e6 7. c3 Nc6 8. Bb5
Qb6 9. Bxc6+ bxc6 10. O-O cxd4 11. cxd4 Qxd4 12. Qe2 Ne7 13. Rd1 Qb6 14. Nd2
Nf5 15. Nf3 Bc5 16. Bf4 O-O 17. a3 a5 18. Rac1 Rab8 19. g4 Ne7 20. Bg3 f5 21.
Ng5 f4 22. Bh4 Ng6 23. Nxe6 Nxh4 24. Nxc5 Qxb2 25. Qxb2 Rxb2 26. Rd3 Re8 27. e6
Kf8 28. Re1 Ke7 29. Rf1 Reb8 30. Nd7 R8b3 31. Nc5 Rxd3 32. Nxd3 Rb3 33. Nxf4
Rxa3 34. Rc1 g5 35. Ne2 Kxe6 36. Rxc6+ Kd7 37. Rc1 a4 38. Nd4 Rxh3 39. Rc2 Ng6
40. Rc5 Nf4 0-1

[Event "2024 Norbert Muller Cup (Division D)"]
[Site "Woodvale, Perth WA AUS"]
[Date "2024.10.30"]
[Round "4"]
[White "Young, Manfred"]
[Black "Rennie, Mike"]
[Result "0-1"]
[ECO "C62"]
[WhiteElo "1167"]
[BlackElo "921"]
[PlyCount "94"]
[EventDate "2024.10.09"]
[EventType "swiss"]
[EventRounds "7"]
[EventCountry "AUS"]
[TimeControl "3600+30"]

1. e4 e5 2. Nf3 d6 3. d4 Nc6 4. Bb5 Bd7 5. Bxc6 Bxc6 6. dxe5 d5 7. exd5 Bxd5 8.
O-O Ne7 9. b3 h6 10. Nd4 Qd7 11. Re1 O-O-O 12. Nc3 Be6 13. Be3 Nf5 14. Nxf5 Bb4
15. Qxd7+ Rxd7 16. Red1 Bxc3 17. Rxd7 Bxa1 18. Rd1 Bxf5 19. Rxa1 b6 20. c3 Bd3
21. b4 Rd8 22. Bd4 g5 23. g3 g4 24. Re1 Re8 25. Re3 Bc4 26. f3 Be6 27. f4 Bxa2
28. f5 Bb1 29. f6 Re6 30. Re1 Bd3 31. Kf2 a5 32. bxa5 bxa5 33. Ra1 Ra6 34. Ke3
Bc4 35. Kf4 h5 36. Kg5 a4 37. Bc5 Kd7 38. Ba3 Be2 39. Re1 Bf3 40. Kxh5 Rc6 41.
Re3 Rb6 42. Bb4 Rb8 43. Kg5 Rg8+ 44. Kf5 Rh8 45. h4 Rh5+ 46. Kf4 Ke6 47. c4
Rf5# 0-1

[Event "2024 Norbert Muller Cup (Division A)"]
[Site "Woodvale, Perth WA AUS"]
[Date "2024.11.06"]
[Round "5"]
[White "Rahmani, Noor"]
[Black "Gibson, Jacob"]
[Result "1/2-1/2"]
[ECO "C78"]
[WhiteElo "2244"]
[BlackElo "2031"]
[PlyCount "120"]
[EventDate "2024.10.09"]
[EventType "tourn"]
[EventRounds "7"]
[EventCountry "AUS"]
[TimeControl "3600+30"]

1. e4 e5 2. Nf3 Nc6 3. Bb5 a6 4. Ba4 Nf6 5. O-O b5 6. Bb3 Bc5 7. d3 d6 8. Bg5
h6 9. Be3 Bxe3 10. fxe3 d5 11. exd5 Nxd5 12. Qe2 Bg4 13. Nc3 Nxc3 14. bxc3 O-O
15. e4 Qd6 16. Qe3 Rad8 17. Nh4 Ne7 18. h3 Be6 19. Rf2 c5 20. Bxe6 fxe6 21.
Raf1 c4 22. d4 Rxf2 23. Qxf2 exd4 24. Qf7+ Kh8 25. Qxe7 Qxe7 26. Ng6+ Kh7 27.
Nxe7 d3 28. cxd3 Rxd3 29. Rf3 Rd1+ 30. Kf2 Rd2+ 31. Kg3 Rxa2 32. Kf4 Rxg2 33.
Ke5 a5 34. Nc6 a4 35. Nd4 a3 36. Rf1 Rb2 37. Ra1 a2 38. Kxe6 b4 39. cxb4 c3 40.
b5 c2 41. Nxc2 Rxc2 42. e5 Rb2 43. Kd6 Rxb5 44. Rxa2 Rb1 45. e6 Rd1+ 46. Ke7 g5
47. Ra3 Kg7 48. Rf3 Rd2 49. Ke8 Kg8 50. h4 gxh4 51. Rf4 h3 52. Rg4+ Kh7 53. e7
h2 54. Rh4 Kg7 55. Rh3 Re2 56. Rh5 Rd2 57. Rh4 Ra2 58. Kd7 Ra7+ 59. Kd6 Ra6+
60. Kc7 Ra7+ 1/2-1/2

[Event "2024 Norbert Muller Cup (Division A)"]
[Site "Woodvale, Perth WA AUS"]
[Date "2024.11.06"]
[Round "5"]
[White "Saxon, Marc"]
[Black "Plaganyi, Gyula"]
[Result "1-0"]
[ECO "C67"]
[WhiteElo "2030"]
[BlackElo "2060"]
[BlackTitle "CM"]
[PlyCount "63"]
[EventDate "2024.10.09"]
[EventType "tourn"]
[EventRounds "7"]
[EventCountry "AUS"]
[TimeControl "3600+30"]

1. e4 e5 2. Nf3 Nc6 3. Bb5 Nf6 4. O-O Nxe4 5. d4 Nd6 6. dxe5 Nxb5 7. a4 Nd6 8.
Bg5 Be7 9. exd6 Bxg5 10. Re1+ Kf8 11. dxc7 Qf6 12. Nxg5 Qxg5 13. Qd6+ Ne7 14.
Nc3 Qf6 15. Qa3 d6 16. Ne4 Qg6 17. Nxd6 Bh3 18. g3 Qf6 19. Rad1 g6 20. Nxb7 Re8
21. Nd6 Kg7 22. Nxe8+ Rxe8 23. Rd8 Qc6 24. Qc3+ Qxc3 25. bxc3 Kf8 26. Red1 Nc8
27. f3 Be6 28. Kf2 Ke7 29. Ke3 Nb6 30. a5 Nd5+ 31. R1xd5 Bxd5 32. Rxe8+ 1-0

[Event "2024 Norbert Muller Cup (Division A)"]
[Site "Woodvale, Perth WA AUS"]
[Date "2024.11.06"]
[Round "5"]
[White "Clarke, Daniel"]
[Black "Balavignan, Ashvin"]
[Result "0-1"]
[ECO "C00"]
[WhiteElo "1951"]
[BlackElo "2143"]
[PlyCount "84"]
[EventDate "2024.10.09"]
[EventType "tourn"]
[EventRounds "7"]
[EventCountry "AUS"]
[TimeControl "3600+30"]

1. e4 e6 2. Qe2 c5 3. Nf3 Nc6 4. g3 g6 5. Bg2 Bg7 6. O-O Nge7 7. Nc3 O-O 8. d3
d6 9. Be3 a6 10. Rad1 Nd4 11. Qd2 e5 12. Ne2 Ne6 13. Bh6 b5 14. c3 Bb7 15. Bxg7
Kxg7 16. h4 f5 17. exf5 Rxf5 18. Ng5 Nxg5 19. Bxb7 Ra7 20. Bg2 Nf3+ 21. Bxf3
Rxf3 22. Kg2 Qa8 23. Kh2 Qd5 24. Ng1 Rf8 25. Qe2 Qxa2 26. c4 bxc4 27. dxc4 Nf5
28. Qc2 Nd4 29. Qd2 Qxc4 30. h5 Raf7 31. Qe3 Qc2 32. Rd2 Qf5 33. h6+ Kg8 34.
Kg2 Rb8 35. Rfd1 Rfb7 36. Ne2 Rxb2 37. Rxb2 Rxb2 38. Nc3 Rb3 39. Nd5 Rxe3 40.
Ne7+ Kf7 41. Nxf5 Nxf5 42. fxe3 Nxe3+ 0-1

[Event "2024 Norbert Muller Cup (Division B)"]
[Site "Woodvale, Perth WA AUS"]
[Date "2024.11.06"]
[Round "5"]
[White "Elkington, Derek"]
[Black "Gough, Dylan"]
[Result "1-0"]
[ECO "C02"]
[WhiteElo "1891"]
[BlackElo "1829"]
[PlyCount "43"]
[EventDate "2024.10.09"]
[EventType "tourn"]
[EventRounds "7"]
[EventCountry "AUS"]
[TimeControl "3600+30"]

1. e4 e6 2. d4 d5 3. e5 c5 4. c3 Nc6 5. Nf3 Qb6 6. a3 cxd4 7. cxd4 Nge7 8. b4
Nf5 9. Be3 Nxe3 10. fxe3 Bd7 11. Bd3 Be7 12. Nbd2 O-O 13. h4 Qd8 14. Bxh7+ Kh8
15. Bb1 f5 16. exf6 Rxf6 17. Ng5 Qc7 18. Qh5+ Rh6 19. Nf7+ Kg8 20. Nxh6+ gxh6
21. Qg6+ Kf8 22. O-O+ 1-0

[Event "2024 Norbert Muller Cup (Division B)"]
[Site "Woodvale, Perth WA AUS"]
[Date "2024.11.06"]
[Round "5"]
[White "Kerr, Lennon"]
[Black "Leonhardt, Wolfgang"]
[Result "1/2-1/2"]
[ECO "C62"]
[WhiteElo "1691"]
[BlackElo "1680"]
[PlyCount "73"]
[EventDate "2024.10.09"]
[EventType "tourn"]
[EventRounds "7"]
[EventCountry "AUS"]
[TimeControl "3600+30"]

1. e4 e5 2. Nf3 Nc6 3. d4 exd4 4. Nxd4 d6 5. Bb5 Bd7 6. Nc3 a6 7. Nxc6 bxc6 8.
Bc4 Be7 9. Bf4 Nf6 10. Qd2 Nh5 11. O-O Nxf4 12. Qxf4 O-O 13. Rad1 Bf6 14. Qd2
Rb8 15. Bb3 Re8 16. Rfe1 a5 17. h3 Qc8 18. f4 Rb4 19. e5 Bh4 20. Re4 Rxe4 21.
Nxe4 d5 22. c4 Bxh3 23. cxd5 cxd5 24. Qxd5 Be6 25. Qxa5 Bxb3 26. axb3 Qf5 27.
Qa4 Rf8 28. Nc3 Qc2 29. f5 Bf2+ 30. Kf1 Bb6 31. Qf4 h6 32. Rd2 Qxb3 33. Nd5
Qb5+ 34. Ke1 Ra8 35. Nxb6 Qxb6 36. Qf2 Ra1+ 37. Ke2 1/2-1/2

[Event "2024 Norbert Muller Cup (Division B)"]
[Site "Woodvale, Perth WA AUS"]
[Date "2024.11.06"]
[Round "5"]
[White "Roebuck, Derek"]
[Black "Doshi, Chirag"]
[Result "1/2-1/2"]
[ECO "C30"]
[WhiteElo "1774"]
[BlackElo "1845"]
[PlyCount "31"]
[EventDate "2024.10.09"]
[EventType "tourn"]
[EventRounds "7"]
[EventCountry "AUS"]
[TimeControl "3600+30"]

1. e4 e5 2. Nc3 Nf6 3. f4 d6 4. Nf3 Bg4 5. Bc4 Be7 6. h3 Bxf3 7. Qxf3 Nc6 8.
Bb5 O-O 9. Bxc6 bxc6 10. fxe5 dxe5 11. d3 Rb8 12. Ne2 Bc5 13. b3 Ne8 14. Be3
Bb4+ 15. Bd2 Bxd2+ 16. Kxd2 1/2-1/2

[Event "2024 Norbert Muller Cup (Division C)"]
[Site "Woodvale, Perth WA AUS"]
[Date "2024.11.06"]
[Round "5"]
[White "Garang, Kuol Awan"]
[Black "Hagendoorn, Mark"]
[Result "1-0"]
[ECO "B21"]
[WhiteElo "1667"]
[BlackElo "1565"]
[PlyCount "115"]
[EventDate "2024.10.09"]
[EventType "tourn"]
[EventRounds "7"]
[EventCountry "AUS"]
[TimeControl "3600+30"]

1. e4 c5 2. f4 d6 3. Nf3 Nc6 4. c3 Nf6 5. e5 Nd5 6. d4 cxd4 7. cxd4 Qa5+ 8. Bd2
Qb6 9. Bc4 e6 10. Bxd5 exd5 11. Nc3 Ne7 12. O-O g6 13. Re1 Bg4 14. exd6 Qxd6
15. h3 Bxf3 16. Qxf3 O-O-O 17. Rac1 Nc6 18. f5 Qf6 19. fxg6 Qxf3 20. gxf3 hxg6
21. Kg2 Bh6 22. f4 Bg7 23. Be3 f5 24. Kg3 a6 25. Bf2 Rd6 26. a3 Kd7 27. Rcd1
Bf6 28. Kh2 Nd8 29. Re5 Bxe5 30. dxe5 Rc6 31. Nxd5 Kc8 32. Ne7+ Kc7 33. Nxc6
Nxc6 34. Rd6 Rg8 35. b4 g5 36. Rf6 gxf4 37. Rxf5 Re8 38. Rxf4 Nxe5 39. Rf5 Kd6
40. Bg3 Kd5 41. h4 Ke4 42. Rf4+ Ke3 43. Rf1 Nd3 44. Rf7 b5 45. Rd7 Re6 46. Rf7
Kd4 47. Kh3 Kc3 48. Rf3 Kc4 49. h5 Nxb4 50. Rf4+ Kb3 51. axb4 Ka4 52. Rd4 a5
53. bxa5+ Kxa5 54. Bc7+ Ka6 55. Rd6+ Rxd6 56. Bxd6 Kb6 57. h6 Kc6 58. Bb4 1-0

[Event "2024 Norbert Muller Cup (Division C)"]
[Site "Woodvale, Perth WA AUS"]
[Date "2024.11.06"]
[Round "5"]
[White "Sethuraman, Jaswanth Ram"]
[Black "Leech, Martin"]
[Result "0-1"]
[ECO "C01"]
[WhiteElo "1526"]
[BlackElo "1619"]
[PlyCount "132"]
[EventDate "2024.10.09"]
[EventType "tourn"]
[EventRounds "7"]
[EventCountry "AUS"]
[TimeControl "3600+30"]

1. e4 e6 2. Nf3 d5 3. exd5 exd5 4. d4 Nf6 5. Bg5 Be7 6. Bxf6 Bxf6 7. Be2 O-O 8.
O-O Nc6 9. h3 Bf5 10. Nc3 a6 11. Re1 Qd7 12. Qd2 Nb4 13. Bd3 Nxd3 14. cxd3 Rfe8
15. Rad1 h6 16. Rxe8+ Rxe8 17. Qc2 c6 18. Na4 Qc7 19. Nc5 Bc8 20. Na4 Bd7 21.
Nc5 Be7 22. Nxd7 Qxd7 23. Ne5 Qc7 24. Ng4 h5 25. Ne3 Bf6 26. Nxd5 Qd6 27. Nxf6+
Qxf6 28. Qc3 {(=)} Re2 29. Rf1 g5 30. f3 Qf4 31. Kh1 Qg3 32. Rg1 g4 33. fxg4
hxg4 34. Qc1 gxh3 35. Qf1 Rf2 36. Qxf2 Qxf2 37. gxh3+ Kf8 38. Rg2 Qf1+ 39. Kh2
Qxd3 40. h4 Qxd4 41. Kh3 Qe3+ 42. Rg3 Qe6+ 43. Rg4 Qxa2 44. h5 Qb3+ 45. Kh4
Qxb2 46. h6 Qf6+ 47. Kh5 Qg6+ 48. Rxg6 fxg6+ 49. Kxg6 Kg8 50. Kf5 a5 51. Ke4 b5
52. Kd4 Kh7 53. Kc3 Kxh6 54. Kb2 Kg5 55. Ka2 c5 56. Kb2 Kf4 57. Ka2 c4 58. Ka1
Ke3 59. Ka2 Kd2 60. Ka1 c3 61. Kb1 c2+ 62. Ka2 c1=Q 63. Kb3 Qc3+ 64. Ka2 Qb4
65. Ka1 Kc2 66. Ka2 Qb2# 0-1

[Event "2024 Norbert Muller Cup (Division D)"]
[Site "Woodvale, Perth WA AUS"]
[Date "2024.11.06"]
[Round "5"]
[White "Pass, Tony"]
[Black "Gough, Sebastian"]
[Result "0-1"]
[ECO "D04"]
[WhiteElo "1360"]
[BlackElo "1241"]
[PlyCount "68"]
[EventDate "2024.10.09"]
[EventType "swiss"]
[EventRounds "7"]
[EventCountry "AUS"]
[TimeControl "3600+30"]

1. d4 Nf6 2. Nf3 d5 3. e3 Bf5 4. c4 e6 5. Nbd2 c6 6. a3 Nbd7 7. Nh4 Bg6 8. Nxg6
hxg6 9. Bd3 Bd6 10. c5 Bc7 11. b4 Rxh2 12. Rxh2 Bxh2 13. g3 Ke7 14. Nf3 Qh8 15.
Ke2 Qh5 16. Kd2 Ne4+ 17. Bxe4 dxe4 18. Nxh2 Qxh2 19. Qe2 Rh8 20. Bb2 Nf6 21.
Rf1 Qh5 22. Qc4 Qd5 23. Qe2 Qa2 24. Kc2 Ng4 25. Qxg4 Qc4+ 26. Bc3 Qxf1 27. Qf4
Qd3+ 28. Kb2 Rd8 29. Qg5+ Ke8 30. Qe5 Qe2+ 31. Kb3 Qxf2 32. Qxg7 Qxe3 33. Qh8+
Ke7 34. d5 Rxh8 0-1